 Dungeon Crawl Stone Soup version 0.27-a0-931-g5a74e75d8f (webtiles) character file.

Game seed: 2786846103519342266

4294 jestyr24 the Thaumaturge (level 10, -1/77 HPs)
             Began as a Djinni Conjurer on Apr 10, 2021.
             Was a Follower of Makhleb.
             Slain by a komodo dragon (14 damage)
             ... while petrified by a basilisk
             ... on level 8 of the Dungeon.
             The game lasted 00:34:28 (9706 turns).

jestyr24 the Thaumaturge (Djinni Conjurer)          Turns: 9706, Time: 00:34:29

Health: -1/77      AC:  8    Str: 10    XL:     10   Next: 32%
Gold:   425        EV:  2    Int: 23    God:    Makhleb [*.....] SH:  0 Dex: 12

rFire    + + +     SeeInvis .   y - +6 war axe of Conformity {protect, +Rage Str+4 Stlth-}
rCold    x . .     Faith    .   u - +0 buckler
rNeg     + + +     Spirit   .   E - +0 steam dragon scales
rPois    ∞         Reflect  .   w - +0 helmet
rElec    .         Harm     .   A - +0 cloak
rCorr    .         Rampage  .   v - +0 pair of gloves
Will     +....                  (boots unavailable)
Stlth    +.........             (no amulet)
HPRegen  0.22/turn              a - ring of protection from fire
MPRegen  0.00/turn              (no ring)

@: petrified, flying
A: fire resistance 2, cold vulnerability 1, float, innate caster, hp casting,
extra vitality 1, mutation resistance 1, robust 1
a: Renounce Religion, Evoke Berserk Rage


You were on level 8 of the Dungeon.
You worshipped Makhleb.
Makhleb was aware of your devotion.
You visited 1 branch of the dungeon, and saw 8 of its levels.

You collected 425 gold pieces.

Inventory:

Hand Weapons
 f - a +0 club
 g - a +0 spear
 j - a +0 rapier
 m - a +4 falchion of freezing
 o - a +1 dagger of venom
 p - a +0 halberd
 r - a +3 vampiric short sword
 y - the +6 war axe of Conformity (weapon) {protect, +Rage Str+4 Stlth-}
   (You found it on level 6 of the Dungeon)

   It grants its wielder temporary protection when it strikes (+7 to AC).
   It affects your strength (+4).
   It lets you go berserk.
   It makes you less stealthy.
Missiles
 h - 34 poisoned darts (quivered)
 t - 8 datura-tipped darts
 C - 4 javelins
Armour
 n - the +0 leather armour of the Prince of Darkness {rElec Slay+2}
   (You found it on level 7 of the Dungeon)

   It affects your accuracy and damage with ranged weapons and melee attacks
   (+2).
   It insulates you from electricity.
 s - a +0 kite shield
 u - a +0 buckler (worn)
 v - a +0 pair of gloves (worn)
 w - a +0 helmet (worn)
 A - a +0 cloak (worn)
 E - +0 steam dragon scales (worn)
Jewellery
 a - a ring of protection from fire (left hand)
 B - a ring of wizardry
Wands
 b - a wand of polymorph (7)
 D - a wand of iceblast (8)
Scrolls
 c - 2 scrolls of blinking
 d - 5 scrolls of teleportation
 k - a scroll of vulnerability {unknown}
 q - 3 scrolls of identify
 z - a scroll of amnesia {unknown}
 F - a scroll of magic mapping {unknown}
Potions
 e - 3 potions of curing
 i - 2 potions of heal wounds
 l - 3 potions of might
 x - a potion of mutation


   Skills:
 * Level 5.2 Fighting
 - Level 0.8 Long Blades
 * Level 6.3 Axes
 + Level 4.6 Dodging
 - Level 1.7 Stealth
 - Level 6.2 Shields
 + Level 8.0 Spellcasting


You had 2 spell levels left.
You knew the following spells:

 Your Spells              Type           Power      Damage    Failure   Level
a - Magic Dart            Conj           100%       1d8       1%          1
b - Searing Ray           Conj           92%        3d6       1%          2
c - Dazzling Flash        Conj/Hex       92%        N/A       1%          3
d - Fulminant Prism       Conj/Hex       23%        3d13      2%          4
e - Iskenderun's Mystic   Conj/Tloc      46%        2d10      2%          4
f - Corona                Hex            51%        N/A       1%          1
g - Blink                 Tloc           N/A        N/A       1%          2
h - Summon Guardian Gole  Hex/Summ       46%        N/A       1%          3
i - Portal Projectile     Hex/Tloc       92%        N/A       1%          3
Your spell library was empty.

Dungeon Overview and Level Annotations

Branches:
Dungeon (8/15)             Temple (0/1) D:6
   Lair: D:8-11

Altars:
Makhleb
Qazlal
Uskayaw
Wu Jian
Zin

Shops:
D:1 [   D:6 (   D:8 ?


Innate Abilities, Weirdness & Mutations

You are immune to poison.
Your flesh is very heat resistant. (rF++)
You are vulnerable to cold. (rC-)
You float through the air rather than walking.
You learn spells naturally, not from books.
Your magical power is your life essence.
You have superior vitality. (+4 HP)
You are somewhat resistant to further mutation.
You are robust. (+10% HP)


Message History

You easily resist.
Your fulminant prism crackles loudly.
The basilisk gazes at you.
You are slowing down.
A komodo dragon comes into view.
Your fulminant prism explodes!
The blast of energy engulfs the komodo dragon!!
The komodo dragon is severely wounded.
The komodo dragon hisses angrily.
The blast of energy engulfs the acid dragon!
The acid dragon is heavily wounded.
The blast of energy engulfs the basilisk!!
The basilisk is severely wounded.
You hear a howl! x2; You hear an angry hiss.
Casting: Fulminant Prism (dangerous; 2% risk of failure)
Confirm with . or Enter, or press ? or * to list all spells.
Aiming: Fulminant Prism (dangerous; 2% risk of failure)
Press: ? - help, Dir - move target You conjure a prism of explosive energy!
A fulminant prism comes into view.
The basilisk gazes at you.
You easily resist.
The acid dragon spits acid at you.
The splash of acid hits your fulminant prism!!
Your fulminant prism is splashed with acid.
The acid corrodes your fulminant prism!
Your fulminant prism detonates feebly.
Your limbs are stiffening.
You have turned to stone.
The basilisk gazes at you.
You easily resist.
The komodo dragon bites you! The basilisk bites you!
The komodo dragon bites you!! The basilisk bites you!
The komodo dragon bites you!! The basilisk bites you!
The komodo dragon bites you!!
* * * LOW HITPOINT WARNING * * *
The basilisk bites you.
* * * LOW HITPOINT WARNING * * *
The komodo dragon bites you!!
You die...

# ###########
#.#.###.l.......###
##......Dl@###.†...#
.........#.#
####(.#### ###
....#.######
#.##)..###.. . #.
#######...## #
#.###.# ### ###


You could see a komodo dragon, a basilisk and an acid dragon.

Vanquished Creatures
  A two-headed ogre (D:8)
  Grinder (D:5)
  5 wyverns
  5 yaks (D:7)
  2 steam dragons
  Edmund (D:5)
  4 ice beasts
  2 black bears
  2 necrophages (D:6)
  An ogre (D:6)
  2 centaurs
  2 bullfrogs
  A scorpion (D:5)
  A wyvern zombie (D:6)
  A water moccasin skeleton (D:2)
  An electric eel (D:7)
  A jelly (D:7)
  2 hounds (D:6)
  A bullfrog skeleton (D:5)
  Terence (D:3)
  An iguana (D:5)
  An orc wizard (D:8)
  A howler monkey zombie (D:7)
  7 adders
  An ufetubus (D:6)
  3 worms
  3 dart slugs
  6 orcs
  3 bats
  3 endoplasms
  A giant cockroach (D:3)
  8 goblins
  2 hobgoblins
  7 jackals
  9 kobolds
  2 quokkas (D:1)
  6 ball pythons
  A frilled lizard (D:2)
  8 rats
110 creatures vanquished.

Vanquished Creatures (others)
  17 fulminant prisms
  2 plants (D:6)
19 creatures vanquished.

Grand Total: 129 creatures vanquished

Notes
Turn   | Place    | Note
-------+----------+-------------------------------------------
     0 | D:1      | jestyr24 the Djinni Conjurer began the quest for the Orb.
     0 | D:1      | Reached XP level 1. HP: 15/15 MP: 0/0
     3 | D:1      | Found Ytubloh's Armour Boutique.
   148 | D:1      | Reached XP level 2. HP: 15/21 MP: 0/0
   228 | D:1      | Reached skill level 4 in Spellcasting
   753 | D:1      | Reached XP level 3. HP: 24/25 MP: 0/0
   753 | D:1      | Learned a level 1 spell: Corona
  1930 | D:2      | Reached XP level 4. HP: 26/31 MP: 0/0
  1946 | D:2      | Reached skill level 1 in Fighting
  2304 | D:3      | Reached XP level 5. HP: 36/37 MP: 0/0
  2304 | D:3      | Learned a level 2 spell: Blink
  2370 | D:3      | Noticed Terence
  2680 | D:3      | Killed Terence
  2681 | D:3      | Reached skill level 5 in Spellcasting
  4019 | D:4      | Found a glowing silver altar of Zin.
  4026 | D:4      | Found a hide-covered altar of Uskayaw.
  4029 | D:4      | Found an ornate altar of the Wu Jian Council.
  4735 | D:5      | Entered Level 5 of the Dungeon
  4784 | D:5      | Gained mutation: You are robust. (+10% HP) [potion of
                  | mutation]
  4784 | D:5      | Gained mutation: You are somewhat resistant to further
                  | mutation. [potion of mutation]
  4820 | D:5      | Noticed Grinder
  4823 | D:5      | Reached skill level 1 in Shields
  4823 | D:5      | Reached XP level 6. HP: 42/47 MP: 0/0
  4826 | D:5      | Paralysed by Grinder for 5 turns
  4829 | D:5      | Noticed a wyvern
  4838 | D:5      | Paralysed by Grinder for 3 turns
  4847 | D:5      | Killed a wyvern
  5070 | D:5      | Noticed Edmund
  5242 | D:5      | Reached XP level 7. HP: 47/52 MP: 0/0
  5242 | D:5      | Learned a level 3 spell: Summon Guardian Golem
  5492 | D:5      | Found a burning altar of Makhleb.
  5500 | D:5      | Became a worshipper of Makhleb the Destroyer
  5525 | D:5      | Killed Edmund
  5526 | D:5      | Reached skill level 5 in Shields
  5760 | D:5      | Killed Grinder
  5875 | D:6      | Reached XP level 8. HP: 39/59 MP: 0/0
  5883 | D:6      | Reached skill level 6 in Spellcasting
  6364 | D:6      | Found a staircase to the Ecumenical Temple.
  6611 | D:6      | Identified the +6 war axe of Conformity {protect, +Rage
                  | Str+4 Stlth-}
  6702 | D:6      | Reached skill level 7 in Spellcasting
  6807 | D:6      | Reached skill level 1 in Axes
  7265 | D:6      | Found Pated's Antique Weapon Boutique.
  7405 | D:6      | Reached XP level 9. HP: 56/66 MP: 0/0
  7405 | D:6      | Learned a level 3 spell: Portal Projectile
  8122 | D:7      | Identified the +0 leather armour of the Prince of Darkness
                  | {rElec Slay+2}
  8239 | D:7      | Reached * piety under Makhleb
  8870 | D:7      | Found a stormy altar of Qazlal.
  8989 | D:8      | Noticed a two-headed ogre
  8995 | D:8      | Killed a two-headed ogre
  8996 | D:8      | Reached skill level 5 in Axes
  8996 | D:8      | Reached XP level 10. HP: 34/75 MP: 0/0
  9308 | D:8      | Reached skill level 5 in Fighting
  9314 | D:8      | Found Xeck's Magic Scroll Boutique.
  9631 | D:8      | Reached skill level 8 in Spellcasting
  9706 | D:8      | Slain by a komodo dragon

Illustrated notes

Levels and vault maps discovered:
D:1:      dpeg_arrival_line_fractal, layout_basic, serial_shops, shop
D:2:      layout_basic, minmay_misc_feat_chi
D:3:      layout_loops_corners, uniq_terence
D:4:      layout_basic, grunt_temple_overflow_diamond
D:5:      layout_cave_pools, lightli_temple_of_fire, uniq_grinder, uniq_edmund
D:6:      layout_loops_ring, minmay_temple_entry_overgrown, serial_shops,
          nicolae_shop_statue_plus
D:7:      layout_loops_ring, lemuel_doored_altar,
          eino_small_chamber_without_monster, nicolae_water_bricks,
          corexii_checkpoint_b, nicolae_zen_rock_garden
D:8:      layout_loops_corners, erik_lair_dragon, serial_shops, shop

Skill      XL: |  1  2  3  4  5  6  7  8  9 10 |
---------------+-------------------------------+-----
Spellcasting   | 4 5 7 8 |  8.0
Fighting       | 1 3 4 5 |  5.2
Shields        | 1 4 6 |  6.2
Dodging        | 3 4 |  4.6
Axes           | 2 5 6 |  6.3
Long Blades    | |  0.8
Stealth        | |  1.7

Action                   |  1- 3 |  4- 6 |  7- 9 | 10-12 || total
-------------------------+-------+-------+-------+-------++-------
Melee: Spear             |     6 |       |       |       ||     6
       Falchion          |     2 |    42 |       |       ||    44
       War axe           |       |       |    32 |     7 ||    39
Throw: Dart              |       |     2 |    16 |     4 ||    22
 Cast: Magic Dart        |    75 |    29 |    27 |     3 ||   134
       Iskenderun's Myst |       |     7 |    22 |     6 ||    35
       Searing Ray       |       |     5 |    32 |     5 ||    42
       Blink             |       |     3 |       |       ||     3
       Fulminant Prism   |       |     3 |    10 |     4 ||    17
       Corona            |       |     1 |       |       ||     1
  Use: Scroll            |       |     6 |     7 |       ||    13
       Potion            |       |     1 |       |       ||     1
 Stab: Distracted        |       |     1 |       |       ||     1
       Sleeping          |       |     1 |       |       ||     1
Armor: Robe              |     2 |     3 |     8 |       ||    13
       Steam dragon scal |       |       |     4 |     5 ||     9
Dodge: Dodged            |    13 |    33 |    29 |     7 ||    82
Block: Buckler           |       |     1 |    12 |     6 ||    19
       Rpst.: Falchion   |     2 |    12 |     1 |       ||    15

Table legend: (Time is in decaauts)
 A = Elapsed time spent in this place.
 B = Non-inter-level travel time spent in this place.
 C = Inter-level travel time spent in this place.
 D = Time resting spent in this place.
 E = Time spent auto-exploring this place.
 F = Levels seen in this place.
 G = Mean time per level.
                   A        B        C        D        E       F      G
               +--------+--------+--------+--------+--------+-----+--------+
         Total |   9733 |   9423 |    310 |   2613 |   5629 |   8 | 1216.6 |
       Dungeon |   9733 |   9423 |    310 |   2613 |   5629 |   8 | 1216.6 |
               +--------+--------+--------+--------+--------+-----+--------+

Top non-repeatable levels by time:
     D:6: 1614 daAuts
     D:2: 1512 daAuts
     D:4: 1319 daAuts
     D:7: 1256 daAuts
     D:5: 1165 daAuts
     D:3: 1089 daAuts
     D:1: 1038 daAuts
     D:8: 737 daAuts
